 Dungeon Crawl Stone Soup version 0.19-a0-347-g6bb00b2 (webtiles) character file.

308 Charly the Chopper (level 6, 0/30 HPs)
             Began as a Vine Stalker Gladiator on May 29, 2016.
             Slain by an ogre
             ... wielding a +0 giant club
              (10 damage)
             ... on level 6 of the Dungeon.
             The game lasted 00:10:46 (689 turns).

Charly the Chopper (Vine Stalker Gladiator)          Turns: 689, Time: 00:10:46

Health: 0/30       AC:  4    Str: 17    XL:     6   Next: 40%
Magic:  0/7        EV: 12    Int:  8    God:
Gold:   31         SH:  0    Dex: 17    Spells: 0 memorised, 5 levels left

rFire  . . .     SeeInvis .     a - +0 war axe
rCold  . . .     Gourm    .     b - +0 leather armour
rNeg   . . .     Faith    .     (no shield)
rPois  .         Spirit   +     c - +0 helmet
rElec  .         Dismiss  .     (no cloak)
rCorr  .         Reflect  .     (no gloves)
SustAt .         Harm     .     (no boots)
MR     .....                    (no amulet)
Stlth  +.........               (no ring)
                                e - ring of flight

@: not resistant to hostile enchantments, very unstealthy
A: fangs 2, regeneration 2, magic shield, antimagic bite, no device heal 3, rot
immunity
a: Evoke Flight


You were on level 6 of the Dungeon.
You were not hungry.

You visited 1 branch of the dungeon, and saw 6 of its levels.

You collected 31 gold pieces.

Inventory:

Hand Weapons
 a - a +0 war axe (weapon)
Missiles
 d - 2 throwing nets (quivered)
Armour
 b - a +0 leather armour (worn)
 c - a +0 helmet (worn)
Jewellery
 e - a ring of flight (left hand)
Scrolls
 i - 2 scrolls of identify
Potions
 g - a potion of invisibility
Comestibles
 f - 2 bread rations


   Skills:
 - Level 1.7 Fighting
 + Level 6.3 Axes
 - Level 1.7 Throwing
 - Level 2.4 Dodging


You had 5 spell levels left.
You didn't know any spells.

Dungeon Overview and Level Annotations

Branches:
Dungeon (6/15)
 Temple: D:4-7

Altars:
Qazlal
Ru


Innate Abilities, Weirdness & Mutations

You have extremely sharp teeth.
You heal very quickly.
When hurt, damage is shared between your health and your magic reserves.
Your bite disrupts and absorbs the magic of your enemies.
Potions and wands cannot restore your health.
You are immune to rotting.


Message History

You closely miss the worker ant.
The worker ant is severely wounded.
The worker ant misses you. The worker ant barely misses you.
You barely miss the worker ant.
You bite the worker ant, but do no damage.
The worker ant is severely wounded.
The worker ant bites you.
You slash the worker ant!
You kill the worker ant!
You slash the ogre! You bite the ogre. You drain its power.
You feel invigorated.
The ogre is moderately wounded.
The ogre hits you with a giant club!!
* * * LOW HITPOINT WARNING * * *
A worker ant zombie comes into view.
An orc comes into view. It is wielding a falchion.
The worker ant zombie waves its antennae.
The worker ant zombie bites you but does no damage.
The ogre hits you with a giant club!
You die...

........... ................
..................
.................#
.................# ## .##
..........).....## #.###..##
#................###.......#
#<.............##.........
#.#..####......@.#.........
#..##..###......ZO..........
..# ##......................
.. #....##.................
.. #...####...../.#........
.........###......#.........
............................
##.............#####........
#....#######...# ##...≈...


You could see an ogre and a worker ant zombie.

Vanquished Creatures
  A centaur (D:5)
  2 scorpions
  An orc wizard (D:4)
  2 worker ants
  4 adders
  An ooze (D:2)
  A dart slug (D:1)
  A worm (D:3)
  A giant gecko (D:1)
  An orc (D:4)
  A giant cockroach (D:3)
  3 goblins
  A quokka (D:2)
  A bat (D:1)
  6 giant newts
27 creatures vanquished.

Vanquished Creatures (others)
  A giant newt (D:1)
1 creature vanquished.

Grand Total: 28 creatures vanquished

Notes
Turn   | Place    | Note
--------------------------------------------------------------
     0 | D:1      | Charly the Vine Stalker Gladiator began the quest for the Orb.
     0 | D:1      | Reached XP level 1. HP: 11/11 MP: 2/2
    29 | D:1      | Reached skill level 3 in Axes
    97 | D:1      | Reached XP level 2. HP: 15/15 MP: 3/3
   206 | D:2      | Reached XP level 3. HP: 5/18 MP: 0/4
   234 | D:2      | Found a sacrificial altar of Ru.
   302 | D:2      | Reached skill level 4 in Axes
   349 | D:4      | Noticed a scorpion
   361 | D:4      | Killed a scorpion
   361 | D:4      | Reached XP level 4. HP: 23/23 MP: 5/5
   402 | D:4      | Reached skill level 5 in Axes
   402 | D:4      | Reached XP level 5. HP: 26/26 MP: 6/6
   524 | D:4      | Found a stormy altar of Qazlal.
   606 | D:5      | Entered Level 5 of the Dungeon
   638 | D:5      | Noticed a centaur
   652 | D:5      | Killed a centaur
   652 | D:5      | Reached skill level 6 in Axes
   652 | D:5      | Gained mutation: You heal very quickly. [Vine Stalker growth]
   652 | D:5      | Reached XP level 6. HP: 4/30 MP: 4/7
   689 | D:6      | Slain by an ogre

Vault maps used:
D:1:      dpeg_arrival_simpleton_c, minmay_newt_pond
D:2:      nicolae_ru_the_path_less_chosen, first_bread, minmay_misc_feat_encased
D:3:      nrook_loot_triangle
D:4:      nicolae_overflow_hidden_temple
D:5:      lemuel_crystal_altar, minmay_temple_entry_mist, uniq_eustachio,
          uniq_pikel
D:6:      kennysheep_doodads, uniq_duvessa, uniq_menkaure

Skill      XL: |  1  2  3  4  5 |
---------------+----------------+-----
Axes           | 3 4 5 6 |  6.3
Fighting       | |  1.7
Throwing       | |  1.7
Dodging        | |  2.4

Action                   |  1- 3 |  4- 6 || total
-------------------------+-------+-------++-------
Melee: War axe           |    57 |    43 ||   100
       Bite              |    11 |    17 ||    28
Throw: Throwing net      |     5 |     4 ||     9
  Use: Scroll            |       |     4 ||     4
 Stab: Held in net/web   |     2 |     3 ||     5
Armor: Leather armour    |    16 |    10 ||    26
Dodge: Dodged            |    60 |    20 ||    80
